 Dungeon Crawl Stone Soup version 0.18.1-6-gd335043 (webtiles) character file.

573731 Chris7 the Conqueror (level 27, -28/332 HPs)
             Began as an Ogre Summoner on May 15, 2016.
             Was the Champion of Trog.
             Annihilated by a large abomination (31 damage)
             ... summoned by Qatimok
             ... on level 2 of a ziggurat on May 16, 2016.
             The game lasted 03:36:26 (101446 turns).

Chris7 the Conqueror (Ogre Summoner)              Turns: 101446, Time: 03:36:27

Health: -28/332    AC: 40    Str: 28    XL:     27
Magic:  26/26      EV:  9    Int: 18    God:    Trog [******]
Gold:   4023       SH:  5    Dex: 16    Spells: 2 memorised, 25 levels left

rFire  + + .     SeeInvis +     B - +7 giant spiked club "Losyo" {venom, rF+ MR+ SInv}
rCold  + + +     Gourm    .     k - +4 gold dragon armour
rNeg   . . .     Faith    .     (shield currently unavailable)
rPois  +         Spirit   .     O - +2 hat
rElec  +         Dismiss  .     p - +2 cloak of Ukev Emo {rElec rCorr Dex-3 SInv}
rCorr  +         Reflect  +     (gloves unavailable)
SustAt .         Harm     .     (boots unavailable)
MR     +++++                    J - +5 amulet of reflection
Stlth  ..........               h - ring of Toqen Qyg {AC+3 Dex+7}
                                c - ring "Juwutuci" {rPois rC++ MR+ Str-2 Int+6}

@: exhausted, very slightly contaminated, slowed, very slow, almost entirely
resistant to hostile enchantments, extremely unstealthy
A: unfitting armour, claws 1, horns 1, icy blue scales 1, molten scales 1,
rugged brown scales 1, agile 1, blink, cold resistance 1, dopey 1, low mp 1,
magic resistance 1, tough skin 1, sturdy frame 1
a: Blink, Berserk, Trog's Hand, Brothers in Arms, Burn Spellbooks, Renounce
Religion
}: 3/15 runes: serpentine, barnacled, silver


You were on level 2 of a ziggurat.
You worshipped Trog.
Trog was exalted by your worship.
You were not hungry.

You visited 8 branches of the dungeon, and saw 46 of its levels.
You visited 1 bazaar.
You visited 1 ziggurat, and saw 2 of its levels.
You also visited: Labyrinth, Sewer and Ice Cave.

You collected 7214 gold pieces.
You spent 3191 gold pieces at shops.

Inventory:

Hand Weapons
 m - a +9 giant spiked club of freezing
 B - the +7 giant spiked club "Losyo" (weapon) {venom, rF+ MR+ SInv}
   (Trog gifted it to you on level 3 of the Vaults)

   It poisons the flesh of those it strikes.
   It protects you from fire.
   It affects your resistance to hostile enchantments.
   It lets you see invisible.
Missiles
 v - 133 large rocks (quivered)
Armour
 k - a +4 gold dragon armour (worn)
 p - the +2 cloak of Ukev Emo (worn) {rElec rCorr Dex-3 SInv}
   (You bought it in a shop on level 12 of the Dungeon)

   It affects your dexterity (-3).
   It insulates you from electricity.
   It lets you see invisible.
   It protects you from acid and corrosion.
 O - a +2 hat (worn)
Jewellery
 c - the ring "Juwutuci" (left claw) {rPois rC++ MR+ Str-2 Int+6}
   (You took it off a merfolk aquamancer on level 4 of the Shoals)

   [ring of intelligence]

   It affects your strength (-2).
   It affects your intelligence (+6).
   It greatly protects you from cold.
   It protects you from poison.
   It affects your resistance to hostile enchantments.
 e - the ring "Keogryh" {rPois rC+ MR+}
   (You bought it in a shop on level 2 of the Snake Pit)

   [ring of protection from cold]

   It protects you from cold.
   It protects you from poison.
   It affects your resistance to hostile enchantments.
 g - the amulet "Sirom" {Regen+ MP+9}
   (You took it off a spriggan on level 3 of the Depths)

   [amulet of regeneration]

   It affects your magic capacity (+9).
   It increases your rate of regeneration.
 h - the ring of Toqen Qyg (right claw) {AC+3 Dex+7}
   (You took it off a fire giant on level 5 of the Depths)

   [ring of protection]

   It affects your AC (+3).
   It affects your dexterity (+7).
 q - an uncursed ring of sustain attributes
 y - the ring "Rilitatej" {rF+ rC+ Int+3 Dex-4 Stlth-}
   (You found it on level 3 of the Elven Halls)

   [ring of loudness]

   It affects your intelligence (+3).
   It affects your dexterity (-4).
   It protects you from fire.
   It protects you from cold.
   It makes you less stealthy.
 J - a +5 amulet of reflection (around neck)
 M - a +4 ring of slaying
 N - an uncursed ring of protection from fire
Wands
 a - a wand of disintegration (12/24)
 j - a wand of teleportation (1/9)
 A - a wand of teleportation (6/9)
 K - a wand of digging (6/24)
 P - a wand of teleportation (3/9)
 Q - a wand of disintegration (9/24)
 R - a wand of heal wounds (3/9)
 W - a wand of digging (13/24)
Scrolls
 d - a scroll of recharging
 o - 3 scrolls of teleportation
 t - 5 scrolls of fear
 z - 10 scrolls of fog
 F - 17 scrolls of remove curse
 G - 5 scrolls of identify
 S - 3 scrolls of silence
 X - 6 scrolls of holy word
Potions
 f - 12 potions of magic
 n - 2 potions of brilliance
 r - 7 potions of heal wounds
 u - 15 potions of curing
 w - 9 potions of flight
 C - 3 potions of agility
 E - 7 potions of cure mutation
 U - a potion of cancellation
 V - a potion of resistance
 Y - 4 potions of might
 Z - a potion of invisibility
Miscellaneous
 i - a lamp of fire
 D - 2 phantom mirrors
 I - a fan of gales
Comestibles
 b - 5 bread rations
 l - 10 meat rations


   Skills:
 O Level 27 Fighting
 - Level 25.9 Maces & Flails
 - Level 5.2 Throwing
 - Level 20.6 Armour
 + Level 18.9 Dodging
 - Level 1.5 Stealth
 - Level 2.4 Spellcasting
 - Level 2.9 Summonings
 - Level 9.0 Evocations


You had 25 spell levels left.
You knew the following spells:

 Your Spells              Type           Power        Failure   Level  Hunger
b - Call Imp              Summ           ##......     61%         2    ##.....
c - Call Canine Familiar  Summ           ##......     92%         3    ###....


Dungeon Overview and Level Annotations

Branches:
Dungeon (15/15)            Temple (0/1) D:7            Lair (8/8) D:11
 Shoals (4/4) Lair:5        Snake (4/4) Lair:6        Slime (0/6) Lair:8
    Orc (2/2) D:10            Elf (3/3) Orc:2        Vaults (5/5) D:13
  Crypt (0/3) Vaults:3     Depths (5/5) D:15            Zot (0/5) Depths:5

Altars:
Ashenzari
Cheibriados
Elyvilon
Fedhas
Gozag
Makhleb
Nemelex Xobeh
Pakellas
Qazlal
Ru
Sif Muna
Trog
Vehumet
Xom
Yredelemnul
Zin
The Shining One
Jiyva

Shops:
D:11 ((*}*   D:12 =[[}   Orc:2 =?*=   Elf:3 (   Shoals:1 *   Shoals:2 %:(
Snake:2 *?(   Vaults:2 *   Vaults:3 %   Vaults:4 [

Portals:
Hell: Lair:8 Depths:1 Depths:2 Depths:3 Depths:4 Depths:5
Abyss: Depths:1 Depths:4
Pandemonium: Depths:3

Annotations:
Elf:2 5 runed doors


Innate Abilities, Weirdness & Mutations

You are too large for most types of armour.
You have tough skin (AC +1).
You have sharp fingernails.
You have a pair of small horns on your head.
You are partially covered in icy blue scales (AC +1).
You are partially covered in molten scales (AC +1).
You are partially covered in rugged brown scales (AC +1, +3% HP).
You are agile. (Dex +2)
You can translocate small distances at will.
Your flesh is cold resistant.
You are dopey. (Int -2)
Your magical capacity is low (-10% MP).
You are resistant to hostile enchantments.
Your movements are slightly less encumbered by armour (ER -2).


Message History

* * * LOW HITPOINT WARNING * * *
The tentacled monstrosity misses you.
The tentacled monstrosity tentacle-slaps you.
* * * LOW HITPOINT WARNING * * *
The tentacled monstrosity tentacle-slaps you but does no damage.
* * * LOW HITPOINT WARNING * * *
The tentacled monstrosity constricts you!
The large abomination hits you!
* * * LOW HITPOINT WARNING * * *
The large abomination hits you but does no damage.
Qatimok gestures.
The large abomination hits you.
* * * LOW HITPOINT WARNING * * *
Unknown command.
Are you sure you want to leave this ziggurat?
You escape the tentacled monstrosity's grasp.
The large abomination hits you!!
* * * LOW HITPOINT WARNING * * *
The large abomination hits you!!
You die...

▓▓▓▓▓▓▓▓▓
▓▓.......▓▓
▓......((.▓
▓....X....▓
▓X?X6.....▓
▓XX&....(∩▓
▓@X.X.....▓
▓XXX......▓
▓...(.....▓
▓▓.......▓▓
▓▓▓▓▓▓▓▓▓


You could see Qatimok, 2 tentacled monstrosities, a gelid chaos champion and 8
large abominations.

Vanquished Creatures
  An ancient lich (Vaults:5)
  Mara (Elf:3)
  A juggernaut (Depths:5)
  Frederick (Vaults:1)
  Boris (Vaults:5)
  Margery (Depths:5)
  Vashnia (Snake:2)
  2 golden dragons
  Nikola (Shoals:1)
  2 bone dragons
  4 liches
  2 deep elf master archers (Elf:3)
  A deep elf blademaster (Elf:3)
  Asterion (Snake:3)
  3 quicksilver dragons
  A kraken (Shoals:1)
  5 sphinxes
  Polyphemus (Shoals:3)
  Gastronok (Lair:1)
  5 storm dragons
  3 tengu reavers
  8 shadow dragons
  5 greater nagas
  4 fire giants
  4 frost giants
  Donald (Vaults:2)
  16 deep elf sorcerers
  14 vault wardens
  A balrug (Depths:4)
  Louise (D:14)
  Aizul (Snake:3)
  3 orc warlords
  29 very ugly things
  4 deep elf elementalists (Elf:3)
  21 stone giants
  A draconian shifter (Depths:5)
  A draconian zealot (Depths:5)
  A draconian caller (Depths:5)
  8 ironheart preservers
  A juggernaut skeleton (Depths:1)
  2 war gargoyles
  2 vampire knights
  9 spriggan defenders
  Azrael (Snake:1)
  A lorocyproca (Depths:3)
  7 deep elf annihilators
  4 deep elf demonologists
  10 spark wasps
  3 red draconians (Depths:5)
  5 salamander stormcallers
  A purple draconian (Depths:5)
  Nessos (Lair:5)
  An eidolon (Depths:1)
  14 dire elephants
  2 white draconians (Depths:5)
  A quicksilver dragon zombie (Vaults:4)
  Snorg (Lair:6)
  8 fire dragons
  8 merfolk javelineers
  9 ettins
  35 vault guards
  2 jiangshi (Depths:3)
  A minotaur (Lab)
  6 deep elf death magi
  A blizzard demon (Depths:4)
  A crystal guardian (Vaults:2)
  8 great orbs of eyes
  10 merfolk impalers
  6 deep elf high priests
  9 ice dragons
  4 entropy weavers
  A hell beast (Depths:1)
  Harold (Lair:4)
  8 yaktaur captains
  7 hydras
  16 naga warriors
  4 merfolk avatars
  4 spriggan air magi
  3 rakshasas (Depths:3)
  14 centaur warriors
  A ghost crab (shapeshifter) (Depths:5)
  2 catoblepae
  15 anacondas
  6 merfolk aquamancers
  Erica (Lair:1)
  11 ogre magi
  4 death knights
  3 satyrs (Shoals:3)
  14 dancing weapons
  5 deep troll earth magi
  21 tengu warriors
  11 deep troll shamans
  2 orc high priests
  Urug (D:10)
  12 death yaks
  2 vampire magi
  12 deep elf knights
  17 naga sharpshooters
  9 spriggan berserkers
  A shock serpent (shapeshifter) (Depths:3)
  7 shock serpents
  4 iron golems (D:12)
  4 sun demons
  10 hell knights
  3 soul eaters (Depths:4)
  3 shadow wraiths (Depths:3)
  10 salamander mystics
  Nergalle (D:10)
  7 skeletal warriors
  A fire crab (shapeshifter) (Vaults:5)
  4 iron trolls
  An unseen horror (D:15)
  6 giant orange brains
  7 wizards
  18 sea snakes
  21 deep trolls
  An unseen horror (shapeshifter) (Depths:3)
  19 orc knights
  A swamp dragon (shapeshifter) (Depths:4)
  A kraken simulacrum (Shoals:4)
  12 naga ritualists
  3 flayed ghosts
  8 hill giants
  18 ironbrand convokers
  20 deep elf archers
  A putrid demonspawn (Depths:3)
  16 mana vipers
  8 phantasmal warriors
  6 necromancers
  23 harpies
  16 griffons
  A wolf spider (Vaults:1)
  85 deep elf magi
  An oklob plant (Lair:8)
  A shadow dragon skeleton (D:15)
  A tengu zombie (Vaults:4)
  A stone giant zombie (D:15)
  5 orc sorcerers
  15 fauns
  9 cyclopes
  2 hornets
  29 slime creatures
  A sixfirhy (Lair:8)
  2 human zombies
  28 salamanders
  A salamander (shapeshifter) (Depths:3)
  50 ugly things
  9 manticores
  A guardian serpent (Snake:4)
  4 ice statues
  23 naga magi
  43 black mambas
  8 sirens
  A molten gargoyle (Depths:1)
  Psyche (D:8)
  14 vault sentinels
  10 elephants
  7 water nymphs
  10 rust devils
  18 spiny frogs
  3 gargoyles
  9 orange demons
  A smoke demon (Depths:3)
  3 efreet (Depths:4)
  A centaur skeleton (D:14)
  A yaktaur zombie (Vaults:1)
  5 rime drakes
  A spriggan skeleton (D:15)
  15 komodo dragons
  8 freezing wraiths
  A kobold demonologist (Vaults:2)
  6 tengu conjurers
  39 yaktaurs
  7 ice devils
  3 hellwings
  A guardian mummy (D:15)
  A polar bear (Lair:5)
  9 trolls
  2 jumping spiders
  21 merfolk
  A polar bear (shapeshifter) (Vaults:4)
  13 two-headed ogres
  A slime creature (shapeshifter) (Depths:1)
  6 red devils
  18 blink frogs
  5 wind drakes
  12 snapping turtles
  A fire giant simulacrum (Vaults:4)
  20 redbacks
  2 boulder beetles (Vaults:1)
  A deep troll zombie (D:15)
  2 flying skulls (Depths:4)
  5 shadows
  4 air elementals
  An ettin skeleton (Vaults:4)
  25 water elementals
  9 wraiths
  A yak (shapeshifter) (Elf:2)
  A spriggan (shapeshifter) (Vaults:2)
  14 spriggans
  5 fire elementals
  2 wyverns
  8 basilisks
  56 yaks
  3 hungry ghosts
  A human (shapeshifter) (D:15)
  18 vampire mosquitoes
  Grum (D:10)
  A steam dragon (D:12)
  19 hippogriffs
  A mottled dragon (shapeshifter) (Depths:3)
  A soldier ant (D:14)
  A warg (Orc:2)
  4 mottled dragons
  An elf zombie (Vaults:1)
  71 nagas
  A giant eyeball (shapeshifter) (Depths:5)
  19 water moccasins
  9 hell hounds
  12 porcupines
  7 sky beasts
  3 black bears
  79 orc warriors
  13 ice beasts
  A tengu (shapeshifter) (Depths:2)
  An eye of draining (shapeshifter) (Elf:1)
  4 phantoms
  15 wasps
  2 eyes of draining
  39 ogres
  23 wolves
  8 boggarts
  40 centaurs
  An elf simulacrum (Vaults:1)
  25 crocodiles
  3 big kobolds
  22 giant frogs
  A gnoll sergeant (D:7)
  A wyvern zombie (D:10)
  An earth elemental (Elf:3)
  A water moccasin skeleton (D:10)
  A boulder beetle zombie (Vaults:1)
  A wyvern skeleton (D:9)
  6 scorpions
  4 killer bees (D:7)
  4 wights (D:11)
  A howler monkey (D:12)
  5 electric eels (D:10)
  A howler monkey (shapeshifter) (Vaults:3)
  7 crimson imps
  7 centaur zombies
  4 giant frog zombies
  8 hounds
  3 jellies
  27 orc priests
  3 giant frog skeletons
  9 iguanas
  Terence (D:2)
  An iron imp (Zig:1)
  Natasha (twice) (D:2)
  41 orc wizards
  6 worker ants
  A killer bee zombie (D:10)
  9 sheep
  2 hound skeletons
  A mummy (Zig:1)
  2 worker ant zombies
  A howler monkey skeleton (D:6)
  4 gnolls
  50 river rats
  22 adders
  7 shadow imps
  15 white imps
  3 oozes
  3 adder zombies
  2 dart slugs (D:1)
  4 worms
  6 giant geckos
  156 orcs
  6 ball pythons
  7 giant cockroaches
  7 goblins
  3 hobgoblins
  6 jackals
  6 quokkas
  22 bats
  A giant gecko skeleton (D:7)
  3 giant newts
  24 kobolds
  16 rats
  2 plants (Lair:5)
  6 tentacles
  A tentacle segment (Shoals:1)
2528 creatures vanquished.

Vanquished Creatures (collateral kills)
  A golden dragon (Vaults:5)
  A lich (Vaults:5)
  A tengu reaver (Vaults:5)
  Ilsuiw (Shoals:4)
  A greater naga (Snake:4)
  A fire giant (Vaults:5)
  A frost giant (Vaults:5)
  2 ironheart preservers (Vaults:5)
  A vault warden (Vaults:5)
  2 dire elephants (Depths:2)
  An ice dragon (Depths:5)
  A merfolk avatar (Shoals:4)
  2 naga warriors
  A dancing weapon (Elf:3)
  A deep troll earth mage (Vaults:5)
  2 deep troll shamans
  A naga sharpshooter (Snake:2)
  2 hell knights (Depths:5)
  2 deep trolls (Vaults:5)
  A naga ritualist (Snake:2)
  A necromancer (Depths:5)
  An ugly thing (Depths:4)
  A vault sentinel (Vaults:5)
  3 sirens
  A black mamba (Lair:7)
  3 merfolk
  A boulder beetle (Vaults:5)
  4 slime creatures (Depths:2)
  2 blink frogs (Lair:7)
  A water elemental (Elf:3)
  A hippogriff (Shoals:3)
  2 nagas (Snake:2)
  2 centaurs (Depths:2)
  2 orc priests
  4 orc wizards
  Natasha (D:2)
  3 gnolls (D:3)
  An adder (D:2)
  2 river rats (Lair:4)
  2 worms
  7 orcs
  2 giant cockroaches
  5 goblins
  3 hobgoblins
  4 jackals
  A bat (D:2)
  A kobold (D:1)
87 creatures vanquished.

Vanquished Creatures (others)
  A deep elf master archer (Elf:3)
  A fire giant (Vaults:5)
  A deep elf elementalist (Vaults:5)
  A salamander stormcaller (Depths:4)
  2 deep elf high priests
  A juggernaut simulacrum (Depths:4)
  An ironbrand convoker (Vaults:5)
  An orc knight (Vaults:5)
  A deep elf mage (Elf:3)
  A tengu conjurer (D:15)
  A golden dragon simulacrum (Depths:4)
  A spriggan simulacrum (Depths:4)
  A spatial vortex (Depths:1)
  A hell hound (Depths:4)
  An orc warrior (D:15)
  2 boggarts
  An ogre (Vaults:5)
  A centaur (Depths:1)
  A glowing shapeshifter simulacrum (Depths:4)
  5 fire vortices
  130 fungi
  165 plants
  16 tentacles
  1244 tentacle segments
  9 withered plants (D:15)
1590 creatures vanquished.

Grand Total: 4205 creatures vanquished

Notes
Turn   | Place    | Note
--------------------------------------------------------------
     0 | D:1      | Chris7 the Ogre Summoner began the quest for the Orb.
     0 | D:1      | Reached XP level 1. HP: 16/16 MP: 3/3
   101 | D:1      | Reached skill level 1 in Maces & Flails
   153 | D:1      | Reached XP level 2. HP: 18/26 MP: 5/5
   545 | D:1      | Reached XP level 3. HP: 21/32 MP: 4/6
   629 | D:1      | Learned a level 2 spell: Call Imp
   633 | D:1      | Learned a level 3 spell: Call Canine Familiar
  1435 | D:2      | Reached XP level 4. HP: 32/40 MP: 1/7
  1763 | D:2      | Noticed Terence
  1932 | D:2      | Noticed Natasha
  1940 | D:2      | Killed Natasha
  1940 | D:2      | Reached skill level 5 in Maces & Flails
  2151 | D:2      | Killed Terence
  2420 | D:2      | Noticed Natasha
  2430 | D:2      | Killed Natasha
  2430 | D:2      | Reached XP level 5. HP: 25/46 MP: 5/8
  2448 | D:2      | Noticed Natasha
  2467 | D:2      | Killed Natasha
  3280 | D:3      | Reached XP level 6. HP: 42/54 MP: 9/9
  3789 | D:4      | Noticed a phantom
  3879 | D:4      | Gained mutation: You evolve. [potion of beneficial mutation]
  3938 | D:4      | Found a glowing drain.
  3986 | Sewer    | Entered a sewer
  4105 | Sewer    | Gained mutation: You rapidly evolve. [evolution]
  4598 | D:4      | Gained mutation: Armour fits poorly on your strangely shaped body. [potion of mutation]
  4598 | D:4      | Gained mutation: Your system is resistant to poisons. [potion of mutation]
  4598 | D:4      | Gained mutation: You are partially covered in thin metallic scales (AC +2). [potion of mutation]
  4636 | D:4      | Reached XP level 7. HP: 52/61 MP: 6/10
  4952 | D:4      | Reached skill level 10 in Maces & Flails
  5068 | D:4      | Found a glowing silver altar of Zin.
  5340 | D:4      | Gained mutation: Your spells are a little harder to cast, but a little more powerful. [evolution]
  5603 | D:5      | Entered Level 5 of the Dungeon
  5795 | D:5      | Reached skill level 2 in Fighting
  5795 | D:5      | Reached XP level 8. HP: 60/74 MP: 11/11
  5878 | D:5      | Found a sparkling altar of Nemelex Xobeh.
  5897 | D:5      | Found a shimmering altar of Xom.
  5905 | D:5      | Reached skill level 3 in Fighting
  5907 | D:5      | Found a radiant altar of Vehumet.
  5908 | D:5      | Found a bloodstained altar of Trog.
  6033 | D:5      | Became a worshipper of Trog the Wrathful
  6053 | D:5      | Reached skill level 4 in Fighting
  6195 | D:5      | Reached skill level 5 in Fighting
  6316 | D:5      | Reached skill level 6 in Fighting
  6566 | D:5      | Gained mutation: You are resistant to hostile enchantments. [evolution]
  6594 | D:5      | Found an opulent altar of Gozag.
  6661 | D:5      | Reached skill level 7 in Fighting
  6806 | D:5      | Reached skill level 8 in Fighting
  7096 | D:5      | Found a sparkling altar of Nemelex Xobeh.
  7100 | D:5      | Found a deep blue altar of Sif Muna.
  7102 | D:5      | Found a basalt altar of Yredelemnul.
  7105 | D:5      | Found a burning altar of Makhleb.
  7106 | D:5      | Found a snail-covered altar of Cheibriados.
  7107 | D:5      | Found a sacrificial altar of Ru.
  7108 | D:5      | Found an oddly glowing altar of Pakellas.
  7217 | D:5      | Reached skill level 9 in Fighting
  7217 | D:5      | Reached XP level 9. HP: 98/98 MP: 12/12
  7218 | D:5      | Gained mutation: You are partially covered in icy blue scales (AC +1). [evolution]
  7303 | D:6      | Reached skill level 10 in Fighting
  7375 | D:6      | Found a sacrificial altar of Ru.
  7487 | D:6      | Reached * piety under Trog
  7492 | D:6      | Found a glowing golden altar of the Shining One.
  7492 | D:6      | Found a shattered altar of Ashenzari.
  8450 | D:7      | Lost mutation: Armour fits poorly on your strangely shaped body. [evolution]
  8521 | D:7      | Reached skill level 11 in Fighting
  8566 | D:7      | Noticed a hill giant
  8577 | D:7      | Killed a hill giant
  8577 | D:7      | Reached skill level 12 in Fighting
  8691 | D:7      | Found a staircase to the Ecumenical Temple.
  9218 | D:7      | Reached skill level 13 in Fighting
  9275 | D:7      | Gained mutation: You are robust (+10% HP). [evolution]
  9557 | D:8      | Reached ** piety under Trog
  9724 | D:8      | Reached XP level 10. HP: 110/130 MP: 13/13
 10055 | D:8      | Reached skill level 14 in Fighting
 10263 | D:8      | Noticed Psyche
 10273 | D:8      | Killed Psyche
 10665 | D:9      | Reached skill level 5 in Throwing
 11257 | D:9      | Gained mutation: Your flesh is cold resistant. [evolution]
 11668 | D:9      | Gained mutation: You have a pair of small antennae on your head. [mutagenic meat]
 12371 | D:9      | Reached *** piety under Trog
 12563 | D:9      | Reached XP level 11. HP: 144/144 MP: 14/14
 12703 | D:9      | Received a gift from Trog
 12801 | D:10     | Entered Level 10 of the Dungeon
 13080 | D:10     | Noticed Urug
 13097 | D:10     | Killed Urug
 13448 | D:10     | Gained mutation: Your mind is acute. (Int +2) [evolution]
 13572 | D:10     | Noticed Nergalle
 13573 | D:10     | Noticed Grum
 13581 | D:10     | Noticed a spectral orc warlord
 13742 | D:10     | Killed Nergalle
 13901 | D:10     | Killed Grum
 13923 | D:10     | Reached **** piety under Trog
 14661 | D:10     | Noticed a hill giant
 14686 | D:10     | Killed a hill giant
 14686 | D:10     | Reached skill level 1 in Evocations
 15570 | D:10     | Reached skill level 15 in Maces & Flails
 15770 | D:10     | Lost mutation: You rapidly evolve. [end of evolution]
 16594 | D:10     | Found a staircase to the Orcish Mines.
 16766 | D:11     | Found Bauda's General Store.
 16774 | D:11     | Bought a potion of beneficial mutation for 385 gold pieces
 16774 | D:11     | Gained mutation: You have sharp fingernails. [potion of beneficial mutation]
 16818 | D:11     | Reached XP level 12. HP: 154/154 MP: 15/15
 17027 | D:11     | Received a gift from Trog
 17087 | D:11     | Gained mutation: You expend magic power (3 MP) to strengthen your wands. [mutagenic meat]
 17116 | D:11     | Reached ***** piety under Trog
 17116 | D:11     | Received a gift from Trog
 17555 | D:11     | Found a staircase to the Lair.
 17706 | D:11     | Found Toquesae's Gadget Shoppe.
 18736 | D:11     | Received a gift from Trog
 19161 | D:11     | Found Eruannef's Weapon Boutique.
 19251 | D:11     | Found Vil Ecef's Assorted Antiques.
 19259 | D:11     | Bought a scroll labeled YCUDY APLOESSOUB for 32 gold pieces
 19353 | D:11     | Found Omaf's Antique Weapon Shop.
 19434 | Lair:1   | Entered Level 1 of the Lair of Beasts
 19473 | Lair:1   | Lost mutation: Your mind is acute. (Int +2) [potion of mutation]
 19473 | Lair:1   | Gained mutation: You can translocate small distances at will. [potion of mutation]
 19505 | Lair:1   | Noticed Gastronok
 19521 | Lair:1   | Killed Gastronok
 19850 | Lair:1   | Lost mutation: You expend magic power (3 MP) to strengthen your wands. [evolution]
 19885 | Lair:1   | Noticed a seven-headed hydra
 19894 | Lair:1   | Killed a seven-headed hydra
 20197 | Lair:1   | Noticed Erica
 20204 | Lair:1   | Killed Erica
 21030 | Lair:2   | Received a gift from Trog
 21178 | Lair:2   | Reached XP level 13. HP: 119/162 MP: 16/16
 22242 | Lair:3   | Found a frozen archway.
 22254 | IceCv    | Entered an ice cave
 25033 | Lair:4   | Received a gift from Trog
 25451 | Lair:4   | Noticed Harold
 25464 | Lair:4   | Killed Harold
 26734 | Lair:5   | Noticed Nessos
 26751 | Lair:5   | Killed Nessos
 27754 | Lair:5   | Reached XP level 14. HP: 124/172 MP: 17/17
 28003 | Lair:5   | Received a gift from Trog
 28427 | Lair:5   | Gained mutation: Your movements are slightly less encumbered by armour (ER -2). [evolution]
 28576 | Lair:5   | Found a staircase to the Shoals.
 29449 | Lair:6   | Found a staircase to the Snake Pit.
 29555 | Lair:6   | Noticed Snorg
 29566 | Lair:6   | Killed Snorg
 31464 | Lair:7   | Received a gift from Trog
 31859 | Lair:8   | Entered Level 8 of the Lair of Beasts
 32921 | Lair:8   | Lost mutation: Your spells are a little harder to cast, but a little more powerful. [evolution]
 34839 | Lair:8   | Received a gift from Trog
 34839 | Lair:8   | Reached XP level 15. HP: 171/181 MP: 18/18
 35643 | Lair:8   | Received a gift from Trog
 36120 | Lair:8   | Found a staircase to the Slime Pits.
 36121 | Lair:8   | Found a viscous altar of Jiyva.
 36346 | Lair:8   | Found a burning altar of Makhleb.
 37242 | Lair:8   | Found a gateway to Hell.
 37453 | D:11     | Received a gift from Trog
 37458 | D:11     | Got a smoking dire flail {god gift}
 37599 | Orc:1    | Entered Level 1 of the Orcish Mines
 38137 | Orc:1    | Reached skill level 15 in Fighting
 38710 | Orc:2    | Entered Level 2 of the Orcish Mines
 38738 | Orc:2    | Gained mutation: Your muscles are strong. (Str +2) [evolution]
 39545 | Orc:1    | Received a gift from Trog
 40603 | Orc:1    | Reached skill level 16 in Fighting
 40617 | Orc:1    | Noticed an orc warlord
 41531 | Orc:1    | Noticed an orc warlord
 41548 | Orc:1    | Killed an orc warlord
 41568 | Orc:1    | Reached skill level 17 in Fighting
 41685 | Orc:1    | Gained mutation: You are partially covered in slimy green scales (AC +2). [evolution]
 41736 | Orc:1    | Killed an orc warlord
 42396 | Orc:2    | Found a staircase to the Elven Halls.
 42519 | Orc:2    | Received a gift from Trog
 42721 | Orc:2    | Found Ryfacixt's General Store.
 42721 | Orc:2    | Found Ytyifaf's Magic Scroll Shop.
 42723 | Orc:2    | Found Kaperr's Jewellery Boutique.
 42725 | Orc:2    | Found Hetuas's Jewellery Emporium.
 42742 | Orc:2    | Bought a +2 amulet of reflection for 400 gold pieces
 42749 | Orc:2    | Bought a scroll of blinking for 120 gold pieces
 42749 | Orc:2    | Bought a scroll of teleportation for 48 gold pieces
 42987 | D:12     | Found a labyrinth entrance.
 43009 | Lab      | Entered a labyrinth
 43279 | Lab      | Got an ebony flail {drain}
 43292 | Lab      | Got a heavily jewelled robe
 43415 | Orc:2    | Bought a scroll of identify for 30 gold pieces
 43416 | Orc:2    | Bought a scroll of identify for 32 gold pieces
 43416 | Orc:2    | Bought a scroll of identify for 32 gold pieces
 43416 | Orc:2    | Identified the +2 robe of Puaff {Str+5 Int+6} (You found it in a labyrinth)
 43438 | Orc:2    | Identified the +2 dire flail of the Lamprey {crush, rC+} (Trog gifted it to you on level 11 of the Dungeon)
 43620 | D:12     | Found a deep blue altar of Sif Muna.
 43724 | D:12     | Reached XP level 16. HP: 203/203 MP: 19/19
 43763 | D:12     | Found Jeq Dipra's Gadget Emporium.
 44076 | D:12     | Found Plog's Jewellery Shop.
 44099 | D:12     | Found Pump's Armour Boutique.
 44191 | D:12     | Found Rajiecwel's Antique Armour Boutique.
 44199 | D:12     | Bought a distressingly furry cloak for 351 gold pieces
 44209 | D:12     | Identified the +2 cloak of Ukev Emo {rElec rCorr Dex-3 SInv} (You bought it in a shop on level 12 of the Dungeon)
 44512 | D:12     | Reached skill level 18 in Fighting
 44678 | D:13     | Found a gate to the Vaults.
 44719 | D:13     | Identified a scroll of acquirement
 44861 | D:13     | Reached skill level 1 in Armour
 45150 | D:14     | Lost mutation: Your flesh is cold resistant. [mutagenic meat]
 45153 | D:14     | Gained mutation: Your muscles are very strong. (Str +4) [mutagenic meat]
 45303 | D:14     | Noticed Louise
 45346 | D:14     | Killed Louise
 46095 | D:14     | Reached skill level 5 in Armour
 46123 | D:14     | Gained mutation: You expend magic power (3 MP) to strengthen your wands. [evolution]
 46137 | D:14     | Gained mutation: Potions and wands are less effective at restoring your health. [mutagenic meat]
 46383 | D:15     | Entered Level 15 of the Dungeon
 46604 | D:15     | Reached ****** piety under Trog
 46852 | D:15     | Lost mutation: You evolve. [potion of mutation]
 47179 | D:15     | Found a staircase to the Depths.
 47344 | D:15     | Received a gift from Trog
 47871 | D:14     | Lost mutation: You are resistant to hostile enchantments. [potion of mutation]
 47871 | D:14     | Lost mutation: You are partially covered in slimy green scales (AC +2). [potion of mutation]
 47871 | D:14     | Gained mutation: You are partially covered in iridescent scales (AC +4). [potion of mutation]
 47953 | D:12     | Lost mutation: You expend magic power (3 MP) to strengthen your wands. [potion of mutation]
 48071 | Lair:1   | Gained mutation: You are very robust (+20% HP). [potion of mutation]
 48329 | Lair:6   | Received a gift from Trog
 48346 | Snake:1  | Entered Level 1 of the Snake Pit
 49136 | Snake:1  | Reached XP level 17. HP: 217/235 MP: 16/20
 49446 | Snake:1  | Noticed Azrael
 49467 | Snake:1  | Killed Azrael
 50140 | Snake:1  | Reached skill level 10 in Armour
 50403 | Snake:2  | Received a gift from Trog
 50883 | Snake:2  | Found Omucrixo's General Store.
 50969 | Snake:2  | Received a gift from Trog
 51148 | Snake:2  | Found Gonkello's Antique Weapon Shoppe.
 51350 | Snake:2  | Noticed Vashnia
 51409 | Snake:2  | Killed Vashnia
 51654 | Snake:2  | Found Diqos's General Store.
 51660 | Snake:2  | Bought the ring "Keogryh" {rPois rC+ MR+} for 668 gold pieces
 52166 | Snake:2  | Found Tacowkuh's Magic Scroll Emporium.
 52183 | Snake:2  | Bought a scroll of blinking for 90 gold pieces
 52854 | Snake:3  | Received a gift from Trog
 53256 | Snake:3  | Noticed Asterion
 53276 | Snake:3  | Killed Asterion
 53276 | Snake:3  | Reached XP level 18. HP: 246/246 MP: 21/21
 53335 | Snake:3  | Reached skill level 5 in Evocations
 53425 | Snake:3  | Noticed Aizul
 53447 | Snake:3  | Killed Aizul
 54327 | Snake:3  | Received a gift from Trog
 54355 | Snake:4  | Entered Level 4 of the Snake Pit
 54786 | Snake:4  | Received a gift from Trog
 56960 | Snake:4  | Received a gift from Trog
 57360 | Snake:4  | Reached skill level 19 in Fighting
 57897 | Snake:4  | Received a gift from Trog
 58288 | Snake:4  | Reached skill level 20 in Fighting
 58737 | Snake:4  | Reached XP level 19. HP: 194/262 MP: 25/25
 58928 | Snake:4  | Got a serpentine rune of Zot
 59370 | Shoals:1 | Entered Level 1 of the Shoals
 59883 | Shoals:1 | Found Receahol's Assorted Antiques.
 60042 | Shoals:1 | Lost mutation: You have a pair of small antennae on your head. [potion of mutation]
 60377 | Shoals:1 | Noticed Nikola
 60397 | Shoals:1 | Killed Nikola
 60397 | Shoals:1 | Reached skill level 21 in Fighting
 60848 | Shoals:2 | Found Plog's Food Shoppe.
 60858 | Shoals:2 | Bought a meat ration for 65 gold pieces
 60858 | Shoals:2 | Bought a meat ration for 65 gold pieces
 60858 | Shoals:2 | Bought a meat ration for 65 gold pieces
 60858 | Shoals:2 | Bought a meat ration for 65 gold pieces
 61218 | Shoals:2 | Found Otacuxt's Book Shoppe.
 61224 | Shoals:2 | Found Ympoluc's Antique Weapon Boutique.
 61732 | Shoals:2 | Received a gift from Trog
 62123 | Shoals:3 | Found a flickering gateway to a bazaar.
 62163 | Bazaar   | Entered a bazaar
 62182 | Bazaar   | Found Dedani's Weapon Emporium.
 62204 | Bazaar   | Found Ryxul's Armour Shoppe.
 62236 | Bazaar   | Found Pugav's Weapon Shoppe.
 62247 | Bazaar   | Found Wusesh's Armour Shoppe.
 62258 | Bazaar   | Found Cale's Weapon Emporium.
 62410 | Shoals:3 | Received a gift from Trog
 62497 | Shoals:3 | Reached skill level 22 in Fighting
 62608 | Shoals:3 | Noticed Polyphemus
 62938 | Shoals:3 | Killed Polyphemus
 64194 | Shoals:3 | Received a gift from Trog
 64289 | Shoals:4 | Entered Level 4 of the Shoals
 64298 | Shoals:4 | Reached skill level 23 in Fighting
 64708 | Shoals:3 | Received a gift from Trog
 65263 | Shoals:4 | Got a barnacled rune of Zot
 65421 | Shoals:4 | Received a gift from Trog
 65443 | Shoals:4 | Reached XP level 20. HP: 278/289 MP: 26/26
 65580 | Shoals:4 | Got a smoking ivory ring
 66270 | Shoals:3 | Reached skill level 24 in Fighting
 67183 | Shoals:4 | Noticed Ilsuiw
 67195 | Shoals:4 | Killed Ilsuiw
 67378 | Shoals:4 | Identified the Incunabulum of Air and Attacks
 68551 | Elf:1    | Entered Level 1 of the Elven Halls
 69068 | Elf:1    | Reached skill level 25 in Fighting
 69075 | Elf:1    | Received a gift from Trog
 69282 | Elf:1    | Identified the Handbook of Confrontation
 69341 | Elf:1    | Lost mutation: Your system is resistant to poisons. [mutagenic meat]
 69969 | Orc:2    | Bought a scroll of brand weapon for 320 gold pieces
 69969 | Orc:2    | Bought a scroll of enchant armour for 120 gold pieces
 70767 | Elf:1    | Received a gift from Trog
 71180 | Elf:2    | Reached skill level 26 in Fighting
 71258 | Elf:2    | Lost mutation: Your muscles are very strong. (Str +4) [mutagenic meat]
 71259 | Elf:2    | Gained mutation: You tend to lose your temper in combat. [mutagenic meat]
 71331 | Elf:2    | Gained mutation: You are agile. (Dex +2) [potion of mutation]
 71642 | Elf:2    | Found a huge runed gate.
 71642 | Elf:2    | Found a huge runed gate.
 71647 | Elf:2    | Found a huge runed gate.
 71647 | Elf:2    | Found a huge runed gate.
 71647 | Elf:2    | Found a huge runed gate.
 71781 | Elf:3    | Entered Level 3 of the Elven Halls
 71850 | Elf:3    | Noticed Mara
 71859 | Elf:3    | Killed Mara
 71859 | Elf:3    | Reached XP level 21. HP: 303/314 MP: 27/27
 72476 | Elf:3    | Received a gift from Trog
 72515 | Elf:3    | Reached skill level 27 in Fighting
 73320 | Elf:3    | Received a gift from Trog
 73448 | Elf:3    | Found Reahuer's Antique Weapon Shop.
 75061 | Elf:3    | Got a sparkling bronze ring
 75152 | Elf:3    | Identified the ring "Rilitatej" {rF+ rC+ Int+3 Dex-4 Stlth-} (You found it on level 3 of the Elven Halls)
 75158 | Elf:3    | Got a warped cloak
 75169 | Elf:3    | Identified the +3 cloak of the Ancient Beds {rN+ rCorr} (You acquired it on level 3 of the Elven Halls)
 75341 | Elf:3    | Received a gift from Trog
 75809 | Shoals:1 | Bought a scroll of identify for 60 gold pieces
 75811 | Shoals:1 | Identified the ring "Juwutuci" {rPois rC++ MR+ Str-2 Int+6} (You took it off a merfolk aquamancer on level 4 of the Shoals)
 76177 | Vaults:1 | Entered Level 1 of the Vaults
 76955 | Vaults:1 | Received a gift from Trog
 77188 | Vaults:1 | Received a gift from Trog
 77337 | Vaults:1 | You fall through a shaft!
 77488 | Vaults:2 | Reached XP level 22. HP: 330/330 MP: 28/28
 77536 | Vaults:2 | Found Ifucryge's General Store.
 77544 | Vaults:2 | Bought a scroll of teleportation for 57 gold pieces
 77681 | Vaults:2 | Noticed Donald
 77693 | Vaults:2 | Killed Donald
 77741 | Vaults:2 | Got a wavering amethyst amulet
 77744 | Vaults:2 | Reached skill level 5 in Dodging
 77814 | Vaults:2 | Noticed Frederick
 77948 | Vaults:1 | Killed Frederick
 78381 | Vaults:2 | Bought 2 scrolls of identify for 76 gold pieces
 78382 | Vaults:2 | Identified the amulet of the Wild Haggis {*Confuse +Rage rElec MR+++} (You took it off a salamander stormcaller on level 2 of the Vaults)
 78501 | Vaults:2 | Received a gift from Trog
 78825 | Vaults:2 | Gained mutation: Your magical capacity is low (-10% MP). [mutagenic meat]
 78835 | Vaults:2 | Lost mutation: Your muscles are strong. (Str +2) [mutagenic meat]
 78836 | Vaults:2 | Lost mutation: Potions and wands are less effective at restoring your health. [mutagenic meat]
 79937 | Vaults:3 | Received a gift from Trog
 79937 | Vaults:3 | Reached skill level 10 in Dodging
 80021 | Vaults:3 | Lost mutation: You are partially covered in iridescent scales (AC +4). [mutagenic meat]
 80022 | Vaults:3 | Gained mutation: You are dopey. (Int -2) [mutagenic meat]
 80023 | Vaults:3 | Gained mutation: You are very dopey. (Int -4) [mutagenic meat]
 80172 | Vaults:3 | Lost mutation: You are very robust (+20% HP). [mutagenic meat]
 80179 | Vaults:3 | Gained mutation: Armour fits poorly on your strangely shaped body. [mutagenic meat]
 80219 | Vaults:3 | Found a staircase to the Crypt.
 80673 | Vaults:3 | Received a gift from Trog
 80829 | Vaults:3 | Found Fooh's Food Shoppe.
 80837 | Vaults:3 | Bought a meat ration for 55 gold pieces
 80837 | Vaults:3 | Bought a meat ration for 55 gold pieces
 80887 | Vaults:3 | Received a gift from Trog
 80896 | Vaults:3 | Got a twisted giant spiked club {god gift}
 80977 | Vaults:2 | Identified the +7 giant spiked club "Losyo" {venom, rF+ MR+ SInv} (Trog gifted it to you on level 3 of the Vaults)
 81205 | Vaults:3 | Reached XP level 23. HP: 312/312 MP: 26/26
 81608 | Vaults:4 | Gained mutation: You are very robust (+20% HP). [mutagenic meat]
 81609 | Vaults:4 | Lost mutation: You are very robust (+20% HP). [mutagenic meat]
 81610 | Vaults:4 | Gained mutation: Your magical capacity is very low (-20% MP). [mutagenic meat]
 81611 | Vaults:4 | Lost mutation: Your magical capacity is very low (-20% MP). [mutagenic meat]
 81613 | Vaults:4 | Lost mutation: You are partially covered in thin metallic scales (AC +2). [mutagenic meat]
 82154 | Vaults:4 | Gained mutation: You are partially covered in rugged brown scales (AC +1, +3% HP). [mutagenic meat]
 82384 | Vaults:4 | Received a gift from Trog
 82690 | Vaults:4 | Found Ocicihud's Antique Armour Shoppe.
 83294 | Vaults:5 | Entered Level 5 of the Vaults
 83455 | Vaults:4 | Received a gift from Trog
 84824 | Vaults:4 | Lost mutation: You are very dopey. (Int -4) [mutagenic meat]
 84825 | Vaults:4 | Gained mutation: Your flesh is cold resistant. [mutagenic meat]
 85409 | Vaults:5 | Noticed a golden dragon
 85411 | Vaults:5 | Got a bound silver ring
 85422 | Vaults:5 | Killed a golden dragon
 85422 | Vaults:5 | Reached skill level 15 in Dodging
 85579 | Vaults:5 | Received a gift from Trog
 86044 | Vaults:5 | Reached XP level 24. HP: 319/333 MP: 26/26
 86094 | Vaults:5 | Noticed an ancient lich
 86107 | Vaults:5 | Killed an ancient lich
 86113 | Vaults:5 | Noticed Boris
 86120 | Vaults:5 | Killed Boris
 86122 | Vaults:5 | Received a gift from Trog
 86605 | Vaults:5 | Got a dazzling giant spiked club {god gift}
 87971 | Vaults:5 | Received a gift from Trog
 88294 | Vaults:5 | Got a silver rune of Zot
 88529 | Vaults:5 | Identified the +4 giant spiked club of Instant Death {venom, rPois Dex+3} (Trog gifted it to you on level 5 of the Vaults)
 88531 | Vaults:5 | Identified the ring "Fotum" {MP+9 Str-5 Slay+6 SInv Stlth-} (You found it on level 5 of the Vaults)
 88864 | Depths:1 | Entered Level 1 of the Depths
 88898 | D:15     | Reached skill level 15 in Armour
 89256 | D:15     | Lost mutation: You are robust (+10% HP). [mutagenic meat]
 89257 | D:15     | Lost mutation: Armour fits poorly on your strangely shaped body. [mutagenic meat]
 89629 | Depths:1 | Received a gift from Trog
 89738 | Depths:1 | Found a one-way gate to the infinite horrors of the Abyss.
 89951 | D:15     | Lost mutation: You tend to lose your temper in combat. [mutagenic meat]
 89981 | D:15     | Lost mutation: You are agile. (Dex +2) [mutagenic meat]
 90018 | D:15     | Gained mutation: You are agile. (Dex +2) [mutagenic meat]
 90019 | D:15     | Gained mutation: You are resistant to hostile enchantments. [mutagenic meat]
 90020 | D:15     | Gained mutation: You have a pair of small horns on your head. [mutagenic meat]
 90024 | D:15     | Gained mutation: You are partially covered in molten scales (AC +1). [mutagenic meat]
 90646 | Depths:1 | Reached XP level 25. HP: 118/313 MP: 26/26
 91622 | Depths:2 | Received a gift from Trog
 93937 | Depths:3 | Found a one-way gate leading to the halls of Pandemonium.
 94897 | Depths:4 | Received a gift from Trog
 95355 | Depths:3 | Got a sparkling crystal amulet
 95378 | Depths:3 | Identified the amulet "Sirom" {Regen+ MP+9} (You took it off a spriggan on level 3 of the Depths)
 95850 | Depths:3 | Received a gift from Trog
 96470 | Depths:4 | Found a snail-covered altar of Cheibriados.
 96839 | Depths:3 | Reached XP level 26. HP: 284/323 MP: 26/26
 97317 | Depths:4 | Found a stormy altar of Qazlal.
 97464 | Depths:4 | Received a gift from Trog
 97999 | Depths:4 | Found a blossoming altar of Fedhas.
 98314 | Depths:4 | Found a white marble altar of Elyvilon.
 98783 | Depths:4 | Received a gift from Trog
 99328 | Depths:5 | Entered Level 5 of the Depths
 99834 | Depths:5 | Noticed Margery
 99867 | Depths:5 | Killed Margery
100040 | Depths:5 | Noticed a juggernaut
100052 | Depths:5 | Killed a juggernaut
100710 | Depths:5 | Received a gift from Trog
100769 | Depths:5 | Found a gate to the Realm of Zot.
100803 | Depths:5 | Got a coiled tin ring
100804 | Depths:5 | Identified the ring of Toqen Qyg {AC+3 Dex+7} (You took it off a fire giant on level 5 of the Depths)
100936 | Depths:5 | Reached XP level 27. HP: 320/332 MP: 26/26
101041 | Depths:5 | Found a gateway to a ziggurat.
101266 | Zig:1    | Entered Level 1 of a ziggurat
101394 | Zig:2    | Entered Level 2 of a ziggurat
101395 | Zig:2    | Noticed Qatimok the pandemonium lord
101446 | Zig:2    | HP: 3/332 [large abomination[Qatimok] (24)]
101446 | Zig:2    | Annihilated by a large abomination

Skill      XL: |  1  2  3  4  5  6  7  8  9 10 11 12 13 14 15 16 17 18 19 20 21 22 23 24 25 26 |
---------------+-------------------------------------------------------------------------------+-----
Maces & Flails | 1 3 4 6 7 9 10 12 15 19 22 25 | 25.9
Fighting       | 2 9 13 14 17 18 20 23 26 27 | 27.0
Throwing       | 5 |  5.2
Evocations     | 2 4 9 |  9.0
Armour         | 8 12 14 16 18 20 | 20.6
Dodging        | 3 11 16 17 18 | 18.9
Stealth        | |  1.5
Spellcasting   | |  2.4
Summonings     | |  2.9

Action                   |  1- 3 |  4- 6 |  7- 9 | 10-12 | 13-15 | 16-18 | 19-21 | 22-24 | 25-27 || total
-------------------------+-------+-------+-------+-------+-------+-------+-------+-------+-------++-------
Melee: Whip              |   135 |   152 |       |       |       |       |       |       |       ||   287
       Unarmed           |     7 |       |       |       |       |       |       |       |       ||     7
       Dagger            |       |   136 |     3 |       |       |       |       |       |       ||   139
       Mace              |       |       |   445 |  1100 |       |       |       |       |       ||  1545
       Short sword       |       |       |    27 |       |       |       |       |       |       ||    27
       Giant spiked club |       |       |       |    99 |  1388 |  1630 |  1585 |  1504 |  1161 ||  7367
       Headbutt          |       |       |       |       |       |       |       |    23 |   277 ||   300
Throw: Javelin           |       |       |     6 |     9 |    13 |       |       |       |       ||    28
       Large rock        |       |       |     9 |    53 |   119 |    54 |    33 |    27 |    50 ||   345
 Cast: Summon Small Mamm |     7 |     1 |       |       |       |       |       |       |       ||     8
       Call Canine Famil |     4 |    14 |     5 |       |       |       |       |       |       ||    23
Invok: Burn Spellbooks   |       |       |     1 |     1 |     2 |     5 |     8 |     8 |     5 ||    30
       Berserk           |       |       |     4 |    17 |    20 |    13 |     2 |     2 |     3 ||    61
       Trog's Hand       |       |       |       |     2 |     4 |     3 |     6 |     3 |     1 ||    19
       Brothers in Arms  |       |       |       |       |     5 |     4 |     3 |     5 |     5 ||    22
Evoke: Wand              |       |       |       |    18 |     3 |     4 |     5 |     5 |     4 ||    39
       Fan of gales      |       |       |       |       |       |       |       |     1 |       ||     1
  Use: Scroll            |       |    14 |     6 |     9 |    20 |     8 |    19 |    15 |    11 ||   102
       Potion            |       |     3 |       |     4 |     5 |     6 |     3 |    10 |     5 ||    36
 Stab: Sleeping          |     2 |     1 |       |     2 |     5 |       |       |       |       ||    10
       Distracted        |       |       |     1 |     1 |       |       |       |     1 |       ||     3
       Invisible         |       |       |       |     3 |       |       |       |       |       ||     3
       Confused          |       |       |       |     1 |       |       |       |       |       ||     1
  Eat: Chunk             |     2 |    12 |    13 |    41 |    44 |    21 |    26 |    75 |     7 ||   241
       Beef jerky        |       |     1 |     1 |     1 |     1 |       |     2 |     2 |     1 ||     9
       Bread ration      |       |       |     1 |     1 |     8 |     8 |     3 |     6 |     3 ||    30
       Royal jelly       |       |       |     1 |       |     2 |       |       |     3 |     2 ||     8
       Meat ration       |       |       |       |     4 |     1 |     2 |     5 |     2 |     1 ||    15
       Pizza             |       |       |       |     1 |     2 |       |       |     1 |     3 ||     7
       Fruit             |       |       |       |       |     3 |    14 |     3 |       |     2 ||    22
Armor: Robe              |    60 |    69 |   169 |   407 |   287 |       |       |       |       ||   992
       Troll leather arm |       |       |       |       |    73 |    18 |       |       |       ||    91
       Gold dragon armou |       |       |       |       |       |  1149 |  1441 |   945 |  1053 ||  4588
Dodge: Dodged            |    80 |   145 |   208 |   425 |   574 |   237 |   295 |   418 |   480 ||  2862
Block: Other             |       |       |       |       |     1 |    75 |   121 |   287 |   286 ||   770
       Reflection        |       |       |       |       |       |     4 |    17 |    35 |    28 ||    84
